 Dungeon Crawl Stone Soup version 0.17.1-1-g73c8601 (webtiles) character file.

171 JustSomeDude the Chopper (level 5, 0/41 HPs)
             Began as a Demonspawn Gladiator on Dec 20, 2015.
             Slain by a gnoll
             ... wielding a +0 spear
              (5 damage)
             ... on level 4 of the Dungeon.
             The game lasted 00:11:27 (2814 turns).

JustSomeDude the Chopper (Demonspawn Gladiator)     Turns: 2814, Time: 00:11:27

Health: 0/41       AC:  6    Str: 17    XL:     5   Next: 26%
Magic:  5/5        EV: 14    Int:  9    God:
Gold:   157        SH:  0    Dex: 13    Spells: 0 memorised, 4 levels left

rFire  . . .     SeeInvis .     s - +0 war axe
rCold  . . .     Clarity  .     a - +0 ring mail
rNeg   . . .     SustAt   .     (no shield)
rPois  .         Gourm    .     c - +0 helmet
rElec  .         Spirit   .     (no cloak)
rCorr  .         Warding  .     (no gloves)
rMut   .         Stasis   .     (no boots)
MR     .....                    (no amulet)
Stlth  +.........               (no ring)
                                (no ring)

@: not resistant to hostile enchantments, very unstealthy
A: repulsion field 1, rot immunity
a: no special abilities


You were on level 4 of the Dungeon.
You were not hungry.

You visited 1 branch of the dungeon, and saw 4 of its levels.

You collected 157 gold pieces.

Inventory:

Hand Weapons
 s - a +0 war axe (weapon)
Missiles
 d - 4 throwing nets (quivered)
Armour
 a - a +0 ring mail (worn)
 b - a +0 leather armour
 c - a +0 helmet (worn)
Jewellery
 l - an uncursed ring of protection from fire {unknown}
Scrolls
 h - 3 scrolls of teleportation {unknown}
 n - a scroll of recharging {unknown}
 o - 3 scrolls of identify {unknown}
 q - 2 scrolls of blinking {unknown}
 t - a scroll of noise {unknown}
 u - a scroll of remove curse {unknown}
Potions
 f - a potion of might {unknown}
 g - 4 potions of curing {unknown}
 i - a potion of heal wounds {unknown}
 j - 2 potions of mutation {unknown}
 k - a potion of resistance {unknown}
 m - a potion of agility {unknown}
 p - a potion of flight {unknown}
 r - 2 potions of invisibility {unknown}
Comestibles
 e - 2 bread rations


   Skills:
 + Level 3.1 Fighting
 + Level 3.7 Axes
 + Level 1.8 Throwing
 + Level 1.4 Armour
 + Level 3.6 Dodging
 + Level 0.8 Stealth


You had 4 spell levels left.
You didn't know any spells.

Dungeon Overview and Level Annotations

Branches:
Dungeon (4/15)
 Temple: D:4-7

Altars:


Innate Abilities, Weirdness & Mutations

You are surrounded by a mild repulsion field (EV +2).
You are immune to rotting.


Message History

You closely miss the scorpion.
The scorpion is lightly wounded.
The scorpion closely misses you.
The gnoll hits you from afar with a spear.
The scorpion stings you.
* * * LOW HITPOINT WARNING * * *
You closely miss the scorpion.
The scorpion is lightly wounded.
The gnoll closely misses you. The scorpion barely misses you.
The gnoll barely misses you.
You closely miss the scorpion.
The scorpion is lightly wounded.
The scorpion stings you.
* * * LOW HITPOINT WARNING * * *
The gnoll barely misses you.
You barely miss the scorpion.
The scorpion is lightly wounded.
The scorpion barely misses you.
The gnoll hits you from afar with a spear.
You die...

##. #...$.# ##.. #.....#
##... #.....# #....
#.....# #....##.$...#
#...........# ##
#..gg.....#.# ...
#...gg#s###.#.#####.####
....# #@#<..#...........
... #.#..............# .
#.#..............
................#
.#.#...#........#
...#....<.......+
##..#...#........#
#..#...####.##### ###.
#...


You could see a scorpion and a gnoll.

Vanquished Creatures
  A jelly (D:3)
  A worker ant (D:3)
  3 adders
  2 gnolls (D:4)
  An ooze (D:2)
  3 worms (D:3)
  A giant gecko (D:3)
  5 orcs (D:3)
  4 bats
  2 giant cockroaches
  6 hobgoblins
  3 kobolds (D:3)
  A quokka (D:3)
  2 ball pythons (D:3)
  4 giant newts
  9 goblins
  7 rats
55 creatures vanquished.

Notes
Turn   | Place    | Note
--------------------------------------------------------------
     0 | D:1      | JustSomeDude the Demonspawn Gladiator began the quest for the Orb.
     0 | D:1      | Reached XP level 1. HP: 16/16 MP: 1/1
   572 | D:1      | Reached skill level 3 in Axes
   697 | D:2      | Gained mutation: You are surrounded by a mild repulsion field (EV +2). [demonic ancestry]
   697 | D:2      | Reached XP level 2. HP: 19/22 MP: 2/2
  1054 | D:2      | Reached XP level 3. HP: 24/27 MP: 3/3
  1332 | D:3      | Reached skill level 1 in Armour
  1359 | D:3      | Gained mutation: You are immune to rotting. [demonic ancestry]
  1359 | D:3      | Reached XP level 4. HP: 32/34 MP: 4/4
  2395 | D:3      | Reached XP level 5. HP: 14/41 MP: 5/5
  2814 | D:4      | Slain by a gnoll

Action                   |  1- 3 |  4- 6 || total
-------------------------+-------+-------++-------
Melee: War axe           |    73 |   144 ||   217
 Stab: Sleeping          |     2 |       ||     2
  Eat: Bread ration      |     1 |       ||     1
       Meat ration       |       |     1 ||     1
